Map: Acropolis LE

Players

MarineLorD

  • Race: Terran Terran
  • League: Master
  • Spawn Location: 5:00

Special - Winner!

  • Race: Terran Terran
  • League: Master
  • Spawn Location: 11:00

Event: HomeStory Cup XX

VOD

Have the link to the VOD?

Description

Time

  • Played on: Nov. 22, 2019, 11:24 a.m.
  • Length: 8:47

All games in this series

Show
View Real Time Build Order
Export as new Build Order

MarineLorD Terran 

Build Orders:  

Get SALT Encoding   

  12  0:00  SCV  
  13  0:12  SCV  
  14  0:17  Supply Depot  
  14  0:24  SCV  
  15  0:42  Barracks  
  15  0:43  Refinery  
  15  0:59  Barracks  
  15  1:00  SCV  
  16  1:12  SCV  
  17  1:28  Orbital Command, Reaper  
  17  1:32  Refinery  
  18  1:45  Reaper  
  19  1:53  SCV  
  20  2:00  Reaper  
  21  2:06  SCV  
  21  2:08  Supply Depot  
  22  2:17  Reaper  
  23  2:29  SCV  
  24  2:35  Reaper  
  23  2:44  SCV  
  23  2:46  Factory  
  24  2:54  Command Center  
  24  2:56  SCV  
  25  3:08  SCV  
  26  3:13  Supply Depot  
  26  3:20  SCV  
  27  3:31  Factory Tech Lab  
  27  3:32  SCV  
  28  3:37  Starport  
  28  3:45  SCV  
  29  3:49  Cyclone  
  29  3:53  Mag-Field Accelerator  
  32  3:57  SCV  
  33  4:09  Orbital Command, SCV  
  34  4:13  Starport Tech Lab  
  34  4:21  SCV, Cyclone  
  38  4:30  Cloaking Field  
  38  4:33  SCV  
  38  4:34  Supply Depot  
  38  4:35  SCV  
  40  4:45  SCV  
  40  4:47  SCV  
  36  4:57  SCV  
  36  5:00  Orbital Command  
  33  5:09  SCV  
  33  5:10  Banshee  
  35  5:16  Cyclone  
  38  5:21  SCV  
  38  5:23  Command Center  
  38  5:25  SCV  
  40  5:33  SCV  
  41  5:38  SCV  
  41  5:39  Refinery  
  41  5:40  Refinery  
  42  5:45  SCV  
  43  5:50  SCV  
  43  5:53  Banshee  
  43  5:55  Cyclone  
  50  5:58  SCV  
  50  6:01  Supply Depot  
  50  6:02  SCV  
  52  6:10  SCV  
  53  6:14  SCV  
  54  6:22  SCV  
  55  6:26  SCV  
  55  6:27  Cyclone  
  59  6:33  Hyperflight Rotors  
  59  6:34  SCV  
  59  6:35  Banshee  
  59  6:38  Orbital Command, SCV  
  61  6:46  SCV  
  62  6:50  SCV  
  62  6:51  Factory  
  63  6:54  Factory  
  63  6:55  Barracks Reactor  
  63  6:58  SCV  
  61  7:04  Cyclone  
  61  7:05  SCV x2  
  66  7:09  Refinery  
  66  7:10  SCV  
  66  7:12  Supply Depot x2  
  67  7:17  SCV x2  
  67  7:18  Banshee  
  67  7:22  SCV  
  73  7:29  SCV x2  
  75  7:33  Supply Depot  
  75  7:34  SCV  
  75  7:36  Cyclone  
  76  7:42  SCV  
  68  7:46  SCV  
  68  7:47  SCV  
  68  7:49  Factory Tech Lab  
  67  7:58  SCV  
  66  7:59  SCV  
  66  8:02  Orbital Command  
  66  8:03  Banshee  
  69  8:08  Cyclone  
  69  8:10  SCV  
  69  8:11  SCV  
  73  8:17  Hellion  
  73  8:18  Hellion  
  73  8:22  SCV  
  73  8:23  SCV  
  73  8:30  SCV  
  73  8:32  Refinery  
Show
View Real Time Build Order
Export as new Build Order

Special Terran - Winner!

Build Orders: Gas First Reaper Expand 

Get SALT Encoding   

  12  0:01  SCV  
  13  0:13  SCV  
  14  0:17  Supply Depot  
  14  0:25  SCV  
  15  0:29  Refinery  
  15  0:38  SCV  
  16  0:43  Barracks  
  16  0:51  SCV  
  17  1:03  SCV  
  18  1:15  SCV  
  19  1:30  Orbital Command, Reaper  
  20  1:43  Command Center  
  20  1:57  Factory, Supply Depot  
  20  1:58  SCV  
  20  1:59  Bunker  
  20  2:00  Bunker  
  21  2:02  Marine  
  21  2:06  Supply Depot  
  22  2:10  SCV  
  23  2:21  Refinery  
  23  2:27  Marine  
  23  2:28  SCV  
  25  2:40  SCV  
  25  2:42  Hellion  
  28  2:48  Marine  
  28  2:50  Starport  
  29  2:52  SCV  
  29  2:54  Supply Depot  
  30  3:04  SCV  
  31  3:06  Barracks Reactor  
  31  3:16  Hellion  
  31  3:18  SCV  
  33  3:25  Command Center  
  33  3:29  Medivac  
  33  3:33  SCV  
  36  3:36  Supply Depot  
  36  3:40  Factory Tech Lab  
  36  3:44  Marine  
  36  3:45  Marine  
  36  3:48  SCV  
  39  3:59  Siege Tank  
  39  4:00  SCV  
  43  4:05  Marine x2  
  43  4:07  Starport Tech Lab  
  45  4:12  SCV  
  46  4:22  Refinery  
  46  4:23  Marine  
  47  4:36  Marine, SCV, Raven  
  50  4:46  Cyclone  
  50  4:49  Marine  
  50  4:51  SCV  
  53  4:54  Marine  
  54  5:04  SCV  
  48  5:07  Marine  
  48  5:09  Orbital Command  
  48  5:12  Marine  
  48  5:17  Command Center  
  48  5:18  SCV  
  48  5:20  Raven  
  51  5:25  Marine  
  52  5:30  Marine, SCV  
  52  5:34  SCV  
  55  5:36  Supply Depot  
  55  5:39  Siege Tank  
  58  5:43  Marine, SCV  
  58  5:46  SCV  
  58  5:47  Engineering Bay  
  62  5:57  SCV  
  62  5:58  SCV  
  62  5:59  Supply Depot  
  63  6:09  SCV  
  63  6:10  Marine  
  63  6:11  Viking x2  
  69  6:17  Missile Turret x2  
  69  6:20  Siege Tank  
  69  6:21  SCV  
  69  6:22  SCV  
  74  6:26  Supply Depot  
  74  6:34  Orbital Command  
  74  6:36  SCV  
  74  6:39  Marine  
  76  6:40  Stimpack  
  76  6:41  Refinery  
  76  6:45  Engineering Bay  
  76  6:50  Viking  
  76  6:51  Viking  
  76  6:53  SCV  
  81  7:00  Marine  
  81  7:01  Orbital Command, SCV  
  79  7:05  SCV  
  79  7:09  Supply Depot  
  79  7:17  Marine  
  79  7:19  SCV x2  
  79  7:21  Barracks x2  
  82  7:23  Supply Depot  
  82  7:27  SCV  
  83  7:31  SCV  
  83  7:35  Viking x2  
  80  7:44  Marine  
  80  7:48  Siege Tank  
  81  7:52  SCV  
  81  7:54  SCV x2  
  84  8:01  Supply Depot  
  84  8:04  SCV  
  84  8:05  Marine  
  85  8:06  SCV  
  85  8:07  Viking  
  85  8:08  Viking  
  85  8:09  Barracks Reactor  
  85  8:10  Barracks Tech Lab  
  88  8:13  SCV  
  87  8:22  SCV x2  
  87  8:24  Supply Depot, Command Center  
  87  8:25  SCV  
  93  8:30  Armory  
  93  8:34  SCV x2  
  95  8:47  Supply Depot  
Tags
 
Add a new tag
Caveats
  • Supply blocks, unpowered buildings, or Contaminate may cause inaccurate times.
  • Supply counts are checked every 10 seconds.